[Event "Mukachevo Rating March 2019"]
[Site "Mukachevo"]
[Date "2019.03.13"]
[Round "2.1"]
[White "Vanczak, Tamas"]
[Black "Vachylia, Andrii"]
[Result "1/2-1/2"]
[ECO "A00"]
[WhiteElo "2263"]
[BlackElo "2268"]
[Annotator "ChessBase"]
[PlyCount "144"]
[EventDate "2019.??.??"]
[EventCountry "UKR"]
[SourceTitle "playchess.com"]
[Source "ChessBase"]
[SourceQuality "1"]
[TimeControl "40/5400+30:900+30"]

1. d4 d5 2. Bf4 Nf6 3. e3 c5 4. c3 Nc6 5. Nd2 Bf5 6. Qb3 Qd7 7. dxc5 e5 8. Bg3 Ne4 9. Nxe4 Bxe4 10. Nf3 f6 11. Be2 g5 12. Nd2 Bg6 13. h4 g4 14. h5 Bf7 15. Qa4 Bxc5 16. Bxg4 f5 17. Be2 Rg8 18. Bh4 Rxg2 19. Bf3 Rg8 20. Qb5 Be7 21. Bxe7 Nxe7 22. Qxd7+ Kxd7 23. Nb3 h6 24. Rd1 Kc7 25. Be2 a5 26. f4 a4 27. Na1 d4 28. exd4 exd4 29. Rxd4 Nc6 30. Rd2 Bxa2 31. Nc2 Bb1 32. Kf2 Bxc2 33. Rxc2 Ra5 34. Rd2 Rc5 35. Rh3 Rd8 36. Rxd8 Nxd8 37. Re3 Kd6 38. Rd3+ Ke7 39. Rd4 a3 40. bxa3 Rxc3 41. Rd3 Rxd3 42. Bxd3 Kf6 43. Ke3 Ne6 44. Be2 b6 45. Bf3 Ke7 46. Bd5 Ng7 47. Bf3 Kd6 48. Be2 Kc5 49. Bd3 Nxh5 50. Bxf5 Nf6 51. Be6 Kd6 52. Bb3 h5 53. Kf3 h4 54. Kg2 Nh5 55. Kh3 Nxf4+ 56. Kxh4 Kc5 57. Kg4 Ne2 58. Bg8 Nc3 59. Kf4 Kd4 60. Bf7 Nb5 61. a4 Nd6 62. Be6 Ne4 63. Bd7 Nc5 64. Be8 Kc4 65. Ke3 Kb4 66. Kd2 Nxa4 67. Kc2 Nc5 68. Kb2 Ne6 69. Bd7 Nd4 70. Be8 Kc5 71. Kc3 Nb5+ 72. Bxb5 Kxb5 1/2-1/2

[Event "Mukachevo Rating March 2019"]
[Site "Mukachevo"]
[Date "2019.03.13"]
[Round "2.2"]
[White "Shankovskyi, Andrii"]
[Black "Demeter, Dorina"]
[Result "1-0"]
[ECO "A00"]
[WhiteElo "2347"]
[BlackElo "2140"]
[Annotator "ChessBase"]
[PlyCount "63"]
[EventDate "2019.??.??"]
[EventCountry "UKR"]
[SourceTitle "playchess.com"]
[Source "ChessBase"]
[SourceQuality "1"]
[TimeControl "40/5400+30:900+30"]

1. e4 c5 2. Nf3 d6 3. c3 Nf6 4. Bd3 g6 5. Bc2 Bg7 6. d4 cxd4 7. cxd4 Nc6 8. Nc3 Bg4 9. Be3 Nd7 10. Qd2 Bxf3 11. gxf3 Nb6 12. O-O-O Nc4 13. Qe2 Nxe3 14. fxe3 Qa5 15. Kb1 O-O-O 16. Rc1 Kb8 17. Bb3 Rhf8 18. f4 Qb4 19. Rhd1 e6 20. Bc4 Na5 21. Bb5 d5 22. a3 Qd6 23. e5 Qe7 24. b4 Nb3 25. Rc2 a5 26. Rb2 axb4 27. axb4 Qxb4 28. Qc2 Rc8 29. Rxb3 Qa5 30. Kb2 Rc7 31. Ra1 Qb6 32. Be8 1-0

[Event "Mukachevo Rating March 2019"]
[Site "Mukachevo"]
[Date "2019.03.13"]
[Round "2.3"]
[White "Kagramanianz, Vartan"]
[Black "Terletsky, Oleg"]
[Result "0-1"]
[ECO "A00"]
[WhiteElo "2249"]
[BlackElo "2264"]
[Annotator "ChessBase"]
[PlyCount "124"]
[EventDate "2019.??.??"]
[EventCountry "UKR"]
[SourceTitle "playchess.com"]
[Source "ChessBase"]
[SourceQuality "1"]
[TimeControl "40/5400+30:900+30"]

1. d4 Nf6 2. Bf4 g6 3. Nc3 d5 4. Qd2 Bg7 5. O-O-O O-O 6. Bh6 c5 7. Bxg7 Kxg7 8. e3 cxd4 9. exd4 Nc6 10. Nf3 Bg4 11. Be2 Bxf3 12. Bxf3 b5 13. g4 e6 14. h4 Qa5 15. Kb1 b4 16. Ne2 Ne4 17. Bxe4 dxe4 18. h5 g5 19. d5 Qxd5 20. Qxd5 exd5 21. Rxd5 f6 22. Nd4 Nxd4 23. Rxd4 a5 24. h6+ Kg6 25. Rxe4 Rfe8 26. Rhe1 Rxe4 27. Rxe4 Kxh6 28. c4 bxc3 29. bxc3 Kg6 30. Kc2 Ra6 31. Rd4 f5 32. f3 fxg4 33. fxg4 h5 34. gxh5+ Kxh5 35. c4 g4 36. c5 g3 37. Kb3 Rf6 38. Rd1 Rf4 39. c6 Rb4+ 40. Ka3 Rc4 41. Rd5+ Kh4 42. Rd6 Kg5 43. Rd5+ Kf4 44. Rd6 a4 45. Rg6 Kf3 46. Rd6 g2 47. Rg6 Rxc6 48. Rxc6 g1=Q 49. Rc3+ Ke2 50. Kxa4 Kd2 51. Rc4 Kd3 52. Rb4 Kc3 53. Rb3+ Kc2 54. Rb5 Qa7+ 55. Ra5 Qb6 56. Rb5 Qa6+ 57. Ra5 Qc4+ 58. Ka3 Kd1 59. Rb5 Qc3+ 60. Rb3 Qa5+ 61. Kb2 Kd2 62. Kb1 Qc5 0-1

[Event "Mukachevo Rating March 2019"]
[Site "Mukachevo"]
[Date "2019.03.13"]
[Round "2.4"]
[White "Zambo, Zoltan Istvan"]
[Black "Shkuran, Danylo"]
[Result "1/2-1/2"]
[ECO "A00"]
[WhiteElo "2370"]
[BlackElo "2356"]
[Annotator "ChessBase"]
[PlyCount "133"]
[EventDate "2019.??.??"]
[EventCountry "UKR"]
[SourceTitle "playchess.com"]
[Source "ChessBase"]
[SourceQuality "1"]
[TimeControl "40/5400+30:900+30"]

1. Nf3 Nf6 2. d4 d5 3. c4 c6 4. e3 e6 5. Nbd2 Bd6 6. Bd3 Nbd7 7. O-O O-O 8. e4 dxe4 9. Nxe4 Nxe4 10. Bxe4 Qc7 11. Re1 Re8 12. Bc2 Nf8 13. Bd2 b6 14. Bc3 Ba6 15. b3 Rad8 16. Qe2 c5 17. dxc5 Qxc5 18. a4 Bb7 19. Rad1 Ng6 20. Be4 Bxe4 21. Qxe4 Bb8 22. g3 Qc8 23. a5 b5 24. Nd2 Rd7 25. Qf3 Red8 26. Qe2 Rd3 27. Rc1 Qb7 28. Ne4 bxc4 29. Nc5 Qd5 30. Nxd3 cxd3 31. Qe3 h5 32. Rcd1 h4 33. Qe4 Qb5 34. Qc4 Qf5 35. Re3 Nf4 36. Rd2 Qg4 37. Rdxd3 Rxd3 38. Rxd3 Kh7 39. f3 Qg6 40. Re3 hxg3 41. hxg3 Qxg3+ 42. Kf1 Qh3+ 43. Ke1 Ng2+ 44. Ke2 Nxe3 45. Kxe3 Qh6+ 46. Ke2 Bf4 47. Qd4 Qh2+ 48. Kd3 Qg3 49. Kc4 Bh6 50. Qxa7 Qxf3 51. Qd7 Qe4+ 52. Qd4 Qc6+ 53. Qc5 Qe4+ 54. Qd4 Qc6+ 55. Kb4 f5 56. Qc4 Qd6+ 57. Qc5 Qd3 58. Qe5 f4 59. Qd4 Qf5 60. a6 f3 61. Be1 e5 62. Qd5 f2 63. Bxf2 Qxf2 64. Qe4+ Kh8 65. Qa8+ Kh7 66. Qe4+ Kh8 67. Qa8+ 1/2-1/2

[Event "Mukachevo Rating March 2019"]
[Site "Mukachevo"]
[Date "2019.03.13"]
[Round "2.5"]
[White "Larkin, Vladyslav"]
[Black "Tiba, Vladyslav"]
[Result "1-0"]
[ECO "A00"]
[WhiteElo "2336"]
[BlackElo "2389"]
[Annotator "ChessBase"]
[PlyCount "93"]
[EventDate "2019.??.??"]
[EventCountry "UKR"]
[SourceTitle "playchess.com"]
[Source "ChessBase"]
[SourceQuality "1"]
[TimeControl "40/5400+30:900+30"]

1. d4 Nf6 2. Bf4 g6 3. e3 Bg7 4. h3 O-O 5. Nf3 d6 6. Nbd2 c5 7. c3 cxd4 8. cxd4 Nc6 9. Bc4 Qb6 10. Qb3 Qxb3 11. Nxb3 Bf5 12. a3 Rac8 13. Rc1 a6 14. O-O b5 15. Be2 Nd5 16. Bg3 Nb6 17. Nfd2 Na4 18. Bf3 Bd7 19. Rc2 Ne5 20. Be4 Rxc2 21. Bxc2 Nc4 22. Nxc4 bxc4 23. Nd2 Nxb2 24. Rb1 Rc8 25. Ne4 Nd3 26. Nc3 Bc6 27. Bd1 f5 28. Rb6 a5 29. Bh4 Kf7 30. Ra6 h6 31. Rxa5 Rb8 32. Ra6 Be4 33. Ba4 Rb2 34. Bb5 Bd5 35. Ra7 g5 36. a4 gxh4 37. Nxd5 Rb1+ 38. Kh2 Nxf2 39. Rxe7+ Kf8 40. g3 Rb2 41. Rb7 Ne4+ 42. Kg1 c3 43. Rb8+ Kf7 44. Nxc3 Nxc3 45. Be8+ Ke7 46. Rxb2 Kxe8 47. a5 1-0

[Event "Mukachevo Rating March 2019"]
[Site "Mukachevo"]
[Date "2019.03.14"]
[Round "3"]
[White "Tiba, Vladyslav"]
[Black "Vanczak, Tamas"]
[Result "1/2-1/2"]
[ECO "B15"]
[WhiteElo "2389"]
[BlackElo "2263"]
[Annotator "ChessBase"]
[PlyCount "67"]
[EventDate "2019.??.??"]
[EventCountry "UKR"]
[SourceTitle "playchess.com"]
[Source "ChessBase"]
[SourceQuality "1"]
[TimeControl "40/5400+30:900+30"]

1. e4 c6 2. d4 d5 3. Nc3 dxe4 4. Nxe4 Nf6 5. Nxf6+ exf6 6. c3 Bd6 7. Bd3 O-O 8. Ne2 Re8 9. Qc2 h6 10. O-O Qc7 11. h3 Nd7 12. Be3 b6 13. c4 c5 14. Nc3 cxd4 15. Nd5 Qd8 16. Bxd4 Bb7 17. Be4 Rb8 18. Rad1 Qc8 19. b3 Bxd5 20. Bxd5 Qc7 21. Be3 Ne5 22. Qf5 Bc5 23. Bc1 Qe7 24. Kh1 Kh8 25. Qh5 Qf8 26. f4 Ng6 27. f5 Ne5 28. Bf4 Kg8 29. Rfe1 Bd6 30. Re4 Rbd8 31. Rf1 Re7 32. Bd2 Nd3 33. Rd4 Nb4 34. Bxb4 1/2-1/2

[Event "Mukachevo Rating March 2019"]
[Site "Mukachevo"]
[Date "2019.03.14"]
[Round "3"]
[White "Shkuran, Danylo"]
[Black "Larkin, Vladyslav"]
[Result "1/2-1/2"]
[ECO "C42"]
[WhiteElo "2356"]
[BlackElo "2336"]
[Annotator "ChessBase"]
[PlyCount "60"]
[EventDate "2019.??.??"]
[EventCountry "UKR"]
[SourceTitle "playchess.com"]
[Source "ChessBase"]
[SourceQuality "1"]
[TimeControl "40/5400+30:900+30"]

1. e4 e5 2. Nf3 Nf6 3. Nxe5 d6 4. Nf3 Nxe4 5. Qe2 Qe7 6. d3 Nf6 7. Bg5 Nbd7 8. Nc3 Qxe2+ 9. Bxe2 Be7 10. O-O-O h6 11. Bh4 O-O 12. Nd4 Re8 13. Rde1 c6 14. Nf5 Bf8 15. Bf3 g5 16. Bg3 Ne5 17. Bxe5 Rxe5 18. Rxe5 dxe5 19. Ng3 Bd7 20. h3 Bc5 21. Rf1 Be6 22. Nce4 Nxe4 23. Bxe4 a5 24. a3 Rd8 25. Bf5 Bd5 26. Be4 Be6 27. Bf5 Bd5 28. Be4 Be6 29. Bf5 Bd5 30. Be4 Be6 1/2-1/2

[Event "Mukachevo Rating March 2019"]
[Site "Mukachevo"]
[Date "2019.03.14"]
[Round "3"]
[White "Vachylia, Andrii"]
[Black "Shankovskyi, Andrii"]
[Result "1/2-1/2"]
[ECO "E03"]
[WhiteElo "2268"]
[BlackElo "2347"]
[Annotator "ChessBase"]
[PlyCount "331"]
[EventDate "2019.??.??"]
[EventCountry "UKR"]
[SourceTitle "playchess.com"]
[Source "ChessBase"]
[SourceQuality "1"]
[TimeControl "40/5400+30:900+30"]

1. d4 d5 2. c4 e6 3. Nf3 Nf6 4. g3 dxc4 5. Bg2 Nbd7 6. Qa4 a6 7. Qxc4 b5 8. Qc6 Rb8 9. Bf4 Nd5 10. Bg5 Be7 11. Bxe7 Qxe7 12. Nc3 Nb4 13. Qe4 Bb7 14. Qb1 c5 15. dxc5 Nxc5 16. O-O O-O 17. h4 h6 18. a3 Nd5 19. Nxd5 Bxd5 20. b4 Na4 21. Rc1 Qb7 22. Ne1 Rfd8 23. Bxd5 Qxd5 24. Qd3 Qe5 25. Qf3 Rd2 26. Kf1 Nb2 27. Rc5 Qd4 28. Rc7 Rf8 29. Qc3 Qe4 30. Qf3 Rxe2 31. Qxe4 Rxe4 32. Ra7 Rd8 33. Rxa6 Nc4 34. a4 bxa4 35. b5 Nd2+ 36. Kg2 Nb3 37. Rb1 Rb8 38. b6 g6 39. Nc2 Rc4 40. Rb2 Kg7 41. Ne3 Rb4 42. Nc2 R4xb6 43. Rxa4 Nc5 44. Rxb6 Rxb6 45. Rc4 Nd3 46. Rc7 Rb2 47. Rc3 Ne5 48. Ne3 Ra2 49. Kf1 h5 50. Kg2 Kf6 51. Rb3 Rd2 52. Nf1 Ra2 53. Ne3 Nd7 54. Rc3 Ke7 55. Nc4 Nc5 56. Re3 f6 57. Kg1 Rc2 58. Na3 Rc1+ 59. Kg2 e5 60. Nb5 Kd7 61. Nc3 Ke6 62. Ne4 Nd7 63. Ra3 Rc6 64. Ra8 Kf5 65. Rd8 Nb6 66. Nd2 Na4 67. Nf1 Ke6 68. Re8+ Kf7 69. Ra8 Nc5 70. Ra7+ Kf8 71. Ne3 Rd6 72. Rc7 Ne4 73. Kf3 f5 74. Nc4 Re6 75. Ke3 Nf6 76. Ke2 Ng4 77. Ne3 Nf6 78. Nc4 e4 79. Ne3 Re7 80. Rc5 Ra7 81. Rc6 Kg7 82. Ke1 Rb7 83. Rd6 Ng8 84. Nd5 Kf7 85. Kf1 Rb1+ 86. Ke2 Rb2+ 87. Ke1 Nh6 88. Ne3 Rb7 89. Ke2 Kg7 90. Rc6 Nf7 91. Nc4 Re7 92. Rc8 Re6 93. Rc7 Kf6 94. Ne3 Rd6 95. Nc4 Ra6 96. Rb7 Nd8 97. Rd7 Ne6 98. Rd5 Ra4 99. Nb6 Rd4 100. Ra5 Ke7 101. Nd5+ Kd6 102. Nf4 Nxf4+ 103. gxf4 Ke6 104. f3 Rd3 105. Ra6+ Kf7 106. Ra7+ Kf6 107. Ra6+ Kg7 108. Ra7+ Kh6 109. fxe4 fxe4 110. Re7 Rh3 111. Rxe4 Rxh4 112. Kf3 Rh3+ 113. Kg2 Ra3 114. Re6 Kg7 115. Rb6 Kf7 116. Rc6 Re3 117. Kf2 Re6 118. Rc8 Ra6 119. Kf3 Kf6 120. Rf8+ Kg7 121. Rc8 Ra3+ 122. Kg2 Kf6 123. Rf8+ Ke7 124. Rg8 Kf7 125. Rb8 Ke6 126. Rf8 Ke7 127. Rg8 Kf7 128. Rb8 Rd3 129. Rb6 Re3 130. Kf2 Re6 131. Rb8 Ra6 132. Kf3 Kg7 133. Rc8 Rd6 134. Rb8 Kf7 135. Rc8 Ke6 136. Rf8 Kd5 137. Re8 Ra6 138. Re5+ Kd4 139. Re4+ Kd3 140. Re5 Kd2 141. Rg5 Rf6 142. Rd5+ Ke1 143. Re5+ Kd2 144. Rd5+ Kc3 145. Kg3 Kc4 146. Rg5 Kd4 147. f5 h4+ 148. Kxh4 gxf5 149. Kh3 Ke3 150. Kg2 Kf4 151. Rg3 Re6 152. Rf3+ Ke4 153. Kf2 f4 154. Ra3 Rh6 155. Rb3 Rh2+ 156. Kf1 Kf5 157. Ra3 Kg4 158. Rb3 Rd2 159. Ra3 Rb2 160. Rc3 Rb4 161. Kf2 f3 162. Rc8 Rb2+ 163. Kf1 Rb4 164. Kf2 Rb2+ 165. Kf1 Kg3 166. Rg8+ 1/2-1/2

[Event "Mukachevo Rating March 2019"]
[Site "Mukachevo"]
[Date "2019.03.14"]
[Round "3"]
[White "Terletsky, Oleg"]
[Black "Zambo, Zoltan Istvan"]
[Result "1-0"]
[ECO "B50"]
[WhiteElo "2264"]
[BlackElo "2370"]
[Annotator "ChessBase"]
[PlyCount "77"]
[EventDate "2019.??.??"]
[EventCountry "UKR"]
[SourceTitle "playchess.com"]
[Source "ChessBase"]
[SourceQuality "1"]
[TimeControl "40/5400+30:900+30"]

1. e4 c5 2. Nf3 d6 3. Nc3 Nf6 4. g3 Bd7 5. Bg2 Nc6 6. O-O Qc8 7. d4 cxd4 8. Nxd4 Bh3 9. Bg5 Bxg2 10. Kxg2 Qg4 11. Bxf6 Qxd1 12. Raxd1 gxf6 13. Nd5 O-O-O 14. f4 Rd7 15. Rf3 Nxd4 16. Rxd4 Bg7 17. f5 e6 18. Rc4+ Kb8 19. Nxf6 Re7 20. fxe6 fxe6 21. e5 dxe5 22. Ne4 Rd8 23. Rfc3 a6 24. a4 Rd4 25. Kf3 Rf7+ 26. Ke2 Rfd7 27. a5 R7d5 28. b4 Rb5 29. Ng5 Rxb4 30. Rc8+ Ka7 31. Nxe6 Rd7 32. Rg8 Bh6 33. Rcc8 b6 34. Ra8+ Kb7 35. Rgc8 Rd2+ 36. Kf3 e4+ 37. Kg4 e3+ 38. Kh3 Rd7 39. Rab8+ 1-0

[Event "Mukachevo Rating March 2019"]
[Site "Mukachevo"]
[Date "2019.03.14"]
[Round "3"]
[White "Demeter, Dorina"]
[Black "Kagramanianz, Vartan"]
[Result "1-0"]
[ECO "A30"]
[WhiteElo "2140"]
[BlackElo "2249"]
[Annotator "ChessBase"]
[PlyCount "88"]
[EventDate "2019.??.??"]
[EventCountry "UKR"]
[SourceTitle "playchess.com"]
[Source "ChessBase"]
[SourceQuality "1"]
[TimeControl "40/5400+30:900+30"]

1. Nf3 c5 2. c4 Nf6 3. Nc3 b6 4. g3 Bb7 5. Bg2 e6 6. O-O d6 7. Re1 Nbd7 8. e4 a6 9. d4 cxd4 10. Nxd4 Qc7 11. Bf1 Be7 12. b3 O-O 13. Bb2 Rac8 14. Bg2 Qb8 15. Qd2 Rfe8 16. f4 Bf8 17. Rad1 Qa7 18. Kh1 Qa8 19. Nc2 Rc7 20. h3 Rec8 21. e5 dxe5 22. fxe5 Nh5 23. Kh2 Bxg2 24. Qxg2 Qxg2+ 25. Kxg2 b5 26. Ne3 Rb8 27. Rf1 Bc5 28. Rde1 g5 29. cxb5 axb5 30. Ne4 Bxe3 31. Rxe3 Rc2+ 32. Rf2 Rxf2+ 33. Kxf2 Ra8 34. a3 h6 35. Nd6 b4 36. axb4 Nb6 37. b5 Nd5 38. Re2 Ng7 39. Bd4 Ne8 40. b6 Rb8 41. Rc2 Nb4 42. Rc8 Rxc8 43. Nxc8 Nc6 44. b7 Nb8 1-0

[Event "Mukachevo Rating March 2019"]
[Site "Mukachevo"]
[Date "2019.03.14"]
[Round "4"]
[White "Tiba, Vladyslav"]
[Black "Shkuran, Danylo"]
[Result "1/2-1/2"]
[ECO "B19"]
[WhiteElo "2389"]
[BlackElo "2356"]
[Annotator "NA"]
[PlyCount "60"]
[EventDate "2019.??.??"]
[EventCountry "UKR"]
[SourceTitle "playchess.com"]
[Source "ChessBase"]
[SourceQuality "1"]
[TimeControl "40/5400+30:900+30"]

1. e4 c6 2. d4 d5 3. Nc3 dxe4 4. Nxe4 Bf5 5. Ng3 Bg6 6. h4 h6 7. Nf3 Nd7 8. h5 Bh7 9. Bd3 Bxd3 10. Qxd3 Ngf6 11. Bd2 Qc7 12. Ne4 Nxe4 13. Qxe4 e6 14. O-O-O O-O-O 15. g3 Bd6 16. c4 c5 17. Bc3 Nf6 18. Qe2 Rhe8 19. dxc5 {B19: Classical Caro-Kann: 4...Bf5 main line} (19. Ne5 cxd4 20. Bxd4 Bxe5 21. Bxe5 Qa5 22. a3 Nd7 23. Bd6 Nf6 24. c5 Qa4 25. Rh4 Qc6 26. Kb1 Nd5 27. Rg4 {1-0 (60) Ganguly,S (2625)-Mahjoob,M (2498) Subic Bay 2009}) 19... Bxc5 20. Ne5 Rd6 21. Rxd6 $14 ({Predecessor:} 21. b4 $5 Rxd1+ 22. Rxd1 $16 Bd6 23. f4 Nd5 24. Qd3 Bxb4 25. Bxb4 Nxb4 {0-1 (51) Candelier,R-Raimondi,M France 1988}) 21... Bxd6 22. Rd1 Rd8 23. a3 Bc5 24. Rxd8+ Kxd8 25. f4 Bd6 26. Kb1 Ke8 27. Ka2 a6 28. Bd4 Bc5 29. Bc3 Bd6 30. Bd4 Bc5 1/2-1/2

[Event "Mukachevo Rating March 2019"]
[Site "Mukachevo"]
[Date "2019.03.14"]
[Round "4"]
[White "Zambo, Zoltan Istvan"]
[Black "Demeter, Dorina"]
[Result "1/2-1/2"]
[ECO "B13"]
[WhiteElo "2370"]
[BlackElo "2140"]
[Annotator "NA"]
[PlyCount "70"]
[EventDate "2019.??.??"]
[EventCountry "UKR"]
[SourceTitle "playchess.com"]
[Source "ChessBase"]
[SourceQuality "1"]
[TimeControl "40/5400+30:900+30"]

1. e4 c6 2. d4 d5 3. exd5 cxd5 4. c4 Nf6 5. Nc3 Nc6 6. Nf3 Bg4 7. cxd5 Nxd5 8. Qb3 Bxf3 9. gxf3 e6 10. Qxb7 Nxd4 11. Bb5+ Nxb5 12. Qc6+ Ke7 13. Qxb5 Qd7 14. Nxd5+ Qxd5 15. Qxd5 exd5 16. Bf4 Ke6 17. O-O-O Rc8+ 18. Kb1 Bb4 19. a3 Ba5 20. b4 Bb6 21. Rhe1+ Kf5 22. Bg3 Rhd8 23. Re5+ Kg6 24. h4 Kf6 25. f4 g6 26. h5 h6 27. hxg6 fxg6 28. Rdxd5 Rxd5 29. Rxd5 Ke6 30. Re5+ Kf6 31. Rd5 Ke6 32. Re5+ Kf6 33. Rd5 Ke6 34. Re5+ Kf6 35. Bh4+ g5 1/2-1/2

[Event "Mukachevo Rating March 2019"]
[Site "Mukachevo"]
[Date "2019.03.14"]
[Round "4"]
[White "Larkin, Vladyslav"]
[Black "Terletsky, Oleg"]
[Result "1-0"]
[ECO "A48"]
[WhiteElo "2336"]
[BlackElo "2264"]
[Annotator "ChessBase"]
[PlyCount "71"]
[EventDate "2019.??.??"]
[EventCountry "UKR"]
[SourceTitle "playchess.com"]
[Source "ChessBase"]
[SourceQuality "1"]
[TimeControl "40/5400+30:900+30"]

1. d4 Nf6 2. Bf4 g6 3. e3 Bg7 4. h3 O-O 5. Nd2 d6 6. c3 Nbd7 7. Ngf3 b6 8. Bc4 Bb7 9. O-O Qe8 10. Bh2 e5 11. a4 a6 12. Qe2 e4 13. Ne1 Nd5 14. Bxd5 Bxd5 15. c4 Bb7 16. a5 Qe7 17. Nc2 f5 18. b4 bxa5 19. Rxa5 c5 20. bxc5 dxc5 21. Rb1 Ra7 22. Nb3 cxd4 23. Ncxd4 Raa8 24. c5 Ne5 25. c6 Bc8 26. Nc5 Re8 27. Qa2+ Kh8 28. Nxa6 f4 29. Bxf4 Nd3 30. Bg3 Rxa6 31. Rxa6 Bxd4 32. exd4 e3 33. fxe3 Qxe3+ 34. Kh2 Be6 35. d5 Bf5 36. Ra8 1-0

[Event "Mukachevo Rating March 2019"]
[Site "Mukachevo"]
[Date "2019.03.14"]
[Round "4"]
[White "Kagramanianz, Vartan"]
[Black "Vachylia, Andrii"]
[Result "1-0"]
[ECO "B22"]
[WhiteElo "2249"]
[BlackElo "2268"]
[Annotator "NA"]
[PlyCount "53"]
[EventDate "2019.??.??"]
[EventCountry "UKR"]
[SourceTitle "playchess.com"]
[Source "ChessBase"]
[SourceQuality "1"]
[TimeControl "40/5400+30:900+30"]

1. e4 c5 2. c3 Nf6 3. e5 Nd5 4. d4 cxd4 5. Nf3 Nc6 6. cxd4 d6 7. Bc4 Nb6 8. Bb5 dxe5 9. Nxe5 $11 {LiveBook: 1008 Games} Qd5 10. Bxc6+ bxc6 11. O-O Nd7 12. Nc3 Qe6 13. Nd3 Qc4 14. Re1 Qxd4 15. Qf3 Qf6 16. Bf4 Qg6 17. Nb5 e6 18. Nc7+ Kd8 19. Nxa8 Bb7 20. Nc7 Kc8 21. Rac1 c5 22. Qg3 Qf5 23. Nb5 Ba6 24. a4 f6 25. Nxc5 Nxc5 26. b4 e5 27. Be3 1-0

[Event "Mukachevo Rating March 2019"]
[Site "Mukachevo"]
[Date "2019.03.16"]
[Round "8.1"]
[White "Vanczak, Tamas"]
[Black "Zambo, Zoltan Istvan"]
[Result "1/2-1/2"]
[ECO "A48"]
[WhiteElo "2263"]
[BlackElo "2370"]
[Annotator "NA"]
[PlyCount "65"]
[EventDate "2019.??.??"]
[EventCountry "UKR"]
[SourceTitle "playchess.com"]
[Source "ChessBase"]
[SourceQuality "1"]
[TimeControl "40/5400+30:900+30"]

1. d4 Nf6 2. Nf3 g6 3. Bg5 Bg7 4. Nbd2 O-O 5. c3 c5 6. e3 cxd4 7. exd4 d5 {[%emt 0:01:51] LiveBook: 7 Games} 8. Bd3 Qb6 {[%emt 0:00:41] D03: 1 d4 d5 2 Nf3 Nf6 3 Bg5, including Torre Attack with early ...d5} 9. Qb3 (9. Rb1 Qe6+ 10. Be2 Qb6 11. Bd3 Qe6+ 12. Be3 Ng4 13. Qe2 Nxe3 14. fxe3 Nd7 15. O-O Qb6 16. c4 {½-½ (46) Caruana,F (2822)-Grischuk,A (2766) Saint Louis 2018}) 9... Qxb3 10. axb3 h6 11. Bf4 Bf5 $146 ({Predecessor:} 11... b6 12. Bxb8 Rxb8 13. Rxa7 Rb7 14. Rxb7 Bxb7 15. O-O Ra8 16. b4 {½-½ (38) Rudenko,D-Khatov,A (2360) Novgorod 1997}) 12. Bxf5 gxf5 13. Bxb8 Rfxb8 14. b4 Ne4 15. Ne5 Nxd2 16. Kxd2 Bxe5 17. dxe5 f6 18. exf6 e6 19. Ra5 b6 $1 20. Ra6 Kf7 21. Rha1 Rb7 22. f4 Kxf6 23. g3 h5 24. Ke3 h4 25. Kf3 Rg7 $11 26. gxh4 Rh7 27. Rxb6 Rxh4 28. Rb7 Rh3+ 29. Kf2 Rxh2+ 30. Ke3 Rh3+ 31. Kf2 Rh2+ 32. Ke3 Rh3+ 33. Kf2 {[%emt 0:00:16] Ke5} 1/2-1/2

[Event "Mukachevo Rating March 2019"]
[Site "Mukachevo"]
[Date "2019.03.16"]
[Round "8.2"]
[White "Larkin, Vladyslav"]
[Black "Kagramanianz, Vartan"]
[Result "1/2-1/2"]
[ECO "C01"]
[WhiteElo "2336"]
[BlackElo "2249"]
[Annotator "NA"]
[PlyCount "62"]
[EventDate "2019.??.??"]
[EventCountry "UKR"]
[SourceTitle "playchess.com"]
[Source "ChessBase"]
[SourceQuality "1"]
[TimeControl "40/5400+30:900+30"]

1. e4 e6 2. d4 d5 3. exd5 exd5 4. Nf3 Nf6 5. Bd3 Bd6 6. O-O O-O 7. h3 h6 8. c3 Re8 9. Re1 Rxe1+ 10. Qxe1 Nc6 11. Be3 Ne7 12. Qc1 Bf5 13. Bxf5 Nxf5 14. Bf4 Qe7 15. Bxd6 Nxd6 16. Nbd2 Re8 17. Qf1 c6 18. Re1 Qd8 19. Rxe8+ Qxe8 20. Qe1 Qxe1+ 21. Nxe1 Nfe4 22. Nef3 Nxd2 23. Nxd2 f6 24. Kf1 Kf7 25. Ke2 Ke6 26. Kd3 h5 27. Ke3 Nf5+ 28. Kf3 Nh4+ 29. Kg3 Nf5+ 30. Kf3 Nh4+ 31. Kg3 Nf5+ 1/2-1/2

[Event "Mukachevo Rating March 2019"]
[Site "Mukachevo"]
[Date "2019.03.16"]
[Round "8.3"]
[White "Tiba, Vladyslav"]
[Black "Shankovskyi, Andrii"]
[Result "0-1"]
[ECO "B07"]
[WhiteElo "2389"]
[BlackElo "2347"]
[Annotator "NA"]
[PlyCount "128"]
[EventDate "2019.??.??"]
[EventCountry "UKR"]
[SourceTitle "playchess.com"]
[Source "ChessBase"]
[SourceQuality "1"]
[TimeControl "40/5400+30:900+30"]

1. e4 d6 2. d4 Nf6 3. Nc3 g6 4. Be3 Bg7 5. f3 O-O 6. Qd2 Nbd7 7. O-O-O c6 8. h4 b5 {[%emt 0:04:20] B07: Pirc Defence: Miscellaneous Systems} 9. Kb1 Nb6 10. Bd3 e5 $146 ({Predecessor:} 10... h5 11. Bh6 e5 12. dxe5 dxe5 13. Bxg7 Kxg7 14. Nce2 Qe7 15. Ng3 Nfd7 16. N1e2 {1-0 (55) Bellaiche,A (2472)-Chatalbashev,B (2602) Aix les Bains 2011}) 11. dxe5 dxe5 12. Nh3 (12. h5 $5) 12... Qe7 13. Qf2 Rd8 14. g4 Be6 (14... h5 $1 $11) 15. Ng5 Nbd7 16. Ne2 ({White should try} 16. h5) 16... a6 17. Ng3 Nf8 18. Nxe6 Nxe6 19. g5 Nd7 20. Nf5 gxf5 21. exf5 Nf4 22. f6 Nxf6 23. gxf6 Qxf6 24. Be4 h6 25. Bb6 Rxd1+ 26. Rxd1 Qe6 27. Qc5 Rc8 28. Qd6 Bf8 29. Qxe6 Nxe6 30. Bf5 Re8 31. Bxe6 Rxe6 32. Rd8 Kg7 33. h5 Rd6 34. Kc1 Rxd8 35. Bxd8 f5 36. Kd2 Kf7 37. Kd3 Be7 38. Bc7 Ke6 39. b3 b4 40. Bb6 Kf6 41. Bc7 Ke6 42. Bb6 c5 43. c4 $19 (43. Ba5 $17 {might work better.}) 43... bxc3 44. Kxc3 e4 45. fxe4 fxe4 46. Kd2 Kd5 47. Ke2 Bf6 48. Ba5 Ke5 49. Bb6 Be7 50. Kd2 Kf4 51. Ke2 Kf5 52. Kf2 Ke6 53. Ke2 Kd5 54. Ba5 Bg5 55. Bb6 Bf4 56. Ba5 Ke6 57. Bb6 Bd6 58. Kf2 Kd5 59. Ke2 Bf4 60. Ba5 c4 61. bxc4+ Kxc4 62. Bb6 Kd5 63. Bd8 Ke5 64. Be7 Kf5 0-1

[Event "Mukachevo Rating March 2019"]
[Site "Mukachevo"]
[Date "2019.03.16"]
[Round "8.4"]
[White "Shkuran, Danylo"]
[Black "Vachylia, Andrii"]
[Result "1/2-1/2"]
[ECO "D60"]
[WhiteElo "2356"]
[BlackElo "2268"]
[Annotator "ChessBase"]
[PlyCount "62"]
[EventDate "2019.??.??"]
[EventCountry "UKR"]
[SourceTitle "playchess.com"]
[Source "ChessBase"]
[SourceQuality "1"]
[TimeControl "40/5400+30:900+30"]

1. d4 d5 2. c4 e6 3. Nc3 Nf6 4. Bg5 Be7 5. e3 O-O 6. Nf3 Nbd7 7. Bd3 b6 8. O-O Bb7 9. Qe2 h6 10. Bh4 c5 11. Rad1 Ne4 12. Bxe7 Qxe7 13. cxd5 exd5 14. Ba6 Nxc3 15. bxc3 Bxa6 16. Qxa6 Nf6 17. c4 dxc4 18. Qxc4 cxd4 19. Nxd4 Qe4 20. Rc1 a6 21. Nb3 b5 22. Qxe4 Nxe4 23. Nc5 Nxc5 24. Rxc5 Rfc8 25. Rfc1 Rxc5 26. Rxc5 Rd8 27. g4 Rd2 28. a4 bxa4 29. Ra5 Ra2 30. Rxa6 g6 31. h4 Kg7 1/2-1/2

[Event "Mukachevo Rating March 2019"]
[Site "Mukachevo"]
[Date "2019.03.16"]
[Round "8.5"]
[White "Terletsky, Oleg"]
[Black "Demeter, Dorina"]
[Result "1-0"]
[ECO "B50"]
[WhiteElo "2264"]
[BlackElo "2140"]
[Annotator "NA"]
[PlyCount "57"]
[EventDate "2019.??.??"]
[EventCountry "UKR"]
[SourceTitle "playchess.com"]
[Source "ChessBase"]
[SourceQuality "1"]
[TimeControl "40/5400+30:900+30"]

1. e4 c5 2. Nf3 d6 3. Nc3 Nc6 4. g3 g6 5. Bg2 Bg7 6. O-O e5 7. d3 Nge7 8. Nh4 Be6 9. Nd5 h6 10. f4 Qd7 11. c4 O-O-O 12. Rb1 $15 ({Better is} 12. f5 $11 gxf5 13. exf5 Nxf5 14. Nxf5 Bxf5 15. Be3) 12... Bg4 13. Bf3 Bh3 14. Rf2 exf4 15. Nxf4 h5 16. Nxh3 Qxh3 17. Bg2 Qe6 18. Nf3 Bd4 19. Nxd4 Nxd4 20. Bg5 Rhf8 21. Bf6 Rde8 22. b4 Nec6 23. bxc5 dxc5 24. Qf1 Kb8 25. e5 b6 26. Bh3 Nf5 27. Rxf5 gxf5 28. Bxf5 Kc8 29. Bg4 1-0